Map: Ruins of Seras

Players

Tessor

  • Race: Terran Terran
  • League: Master

bpgbcg

  • Race: Terran Terran
  • League: Platinum

Starscream

  • Race: Protoss Protoss

guyofdoom

  • Race: Protoss Protoss
  • League: Gold

VOD

Have the link to the VOD?

Description

Time

  • Played on: Nov. 28, 2015, 12:17 a.m.
  • Length: 58:28
Show
View Real Time Build Order
Export as new Build Order

Tessor Terran 

Build Orders: Mech 

Get SALT Encoding   

  12  0:00  SCV  
  13  0:13  SCV  
  14  0:18  Supply Depot  
  14  0:25  SCV  
  15  0:40  SCV, Barracks  
  16  0:47  Refinery  
  16  0:52  SCV  
  17  1:04  SCV  
  18  1:16  SCV  
  19  1:28  SCV  
  19  1:31  Marine  
  21  1:32  Supply Depot  
  21  1:40  Orbital Command  
  21  1:54  Barracks Reactor  
  21  2:04  Command Center  
  21  2:08  SCV  
  22  2:19  Factory  
  22  2:20  SCV  
  23  2:30  Marine x2  
  23  2:32  SCV  
  26  2:44  SCV  
  26  2:45  Refinery  
  27  2:57  SCV  
  27  2:59  Marine x2  
  29  3:06  Starport, Widow Mine  
  31  3:22  SCV, Orbital Command  
  31  3:23  Bunker  
  31  3:26  Marine  
  31  3:27  Marine  
  34  3:34  SCV  
  34  3:37  Factory Tech Lab, Engineering Bay  
  34  3:40  Refinery  
  35  3:47  SCV  
  36  3:51  SCV  
  37  3:59  SCV  
  37  4:02  Viking  
  39  4:03  SCV  
  39  4:05  Siege Tank  
  39  4:07  Marine  
  44  4:11  SCV  
  44  4:16  SCV  
  46  4:26  Missile Turret  
  46  4:32  Missile Turret  
  46  4:34  SCV, Missile Turret  
  46  4:40  Supply Depot  
  46  4:44  SCV  
  46  5:00  Supply Depot x2  
  46  5:01  SCV x2  
  46  5:02  Supply Depot x2  
  48  5:08  Supply Depot  
  48  5:12  Supply Depot  
  48  5:13  SCV  
  49  5:15  SCV  
  49  5:20  Hi-Sec Auto Tracking  
  50  5:25  SCV  
  50  5:26  Marine  
  50  5:27  SCV  
  53  5:37  Supply Depot  
  53  5:39  SCV  
  53  5:41  SCV  
  55  5:46  Marine, Siege Tank, Starport Tech Lab  
  59  5:51  SCV  
  59  5:56  SCV  
  61  6:02  Refinery  
  61  6:03  Supply Depot, SCV  
  62  6:06  Missile Turret  
  62  6:07  Missile Turret  
  62  6:13  Marine x2  
  62  6:14  Banshee  
  62  6:17  SCV, Missile Turret  
  68  6:19  SCV  
  69  6:28  Siege Tank, Bunker  
  69  6:30  Marine  
  73  6:37  Marine  
  74  6:40  SCV, Missile Turret  
  74  6:41  SCV  
  76  6:48  Missile Turret  
  76  6:54  Command Center  
  76  6:56  SCV  
  76  6:57  SCV  
  78  7:05  Banshee  
  78  7:08  SCV, Cloaking Field  
  82  7:09  Missile Turret  
  82  7:11  SCV  
  83  7:23  Bunker  
  83  7:27  SCV x2  
  85  7:39  Supply Depot, Refinery x2, SCV x2  
  85  7:41  Factory  
  85  7:42  Factory  
  87  7:51  SCV, Starport  
  88  7:53  SCV  
  89  7:59  Missile Turret x2  
  89  8:03  SCV  
  89  8:04  Missile Turret  
  90  8:06  Infernal Pre-Igniter  
  90  8:09  Banshee  
  93  8:14  Planetary Fortress  
  93  8:32  SCV  
  93  8:33  SCV  
  95  8:34  Starport Tech Lab  
  95  8:36  Starport Reactor  
  95  8:37  Siege Tank  
  95  8:40  Factory Tech Lab  
  98  8:44  Supply Depot, Hellion, SCV  
  98  8:45  SCV, Hellion  
  104  8:52  SCV  
  104  8:53  Supply Depot, Factory  
  105  9:00  Factory x2  
  105  9:01  Factory, Liberator x2  
  105  9:05  SCV x3  
  105  9:08  Marine  
  109  9:17  Banshee, SCV x2  
  109  9:18  Missile Turret  
  109  9:20  SCV  
  121  9:29  SCV  
  122  9:33  SCV x2  
  122  9:37  Supply Depot  
  124  9:43  Factory Tech Lab  
  124  9:48  Siege Tank x2  
  124  9:49  Command Center, Hellion x2  
  124  9:51  Factory Reactor  
  124  9:52  Factory Tech Lab  
  134  9:53  Factory Tech Lab  
  134  9:54  Liberator  
  134  9:56  SCV  
  135  10:02  Armory  
  135  10:03  SCV  
  135  10:04  Armory  
  136  10:13  Liberator  
  139  10:14  SCV  
  139  10:15  SCV  
  139  10:16  Starport  
  135  10:27  SCV  
  135  10:28  SCV  
  137  10:29  Banshee  
  143  10:39  Supply Depot  
  143  10:40  Supply Depot  
  143  10:41  SCV  
  144  10:58  SCV x2, Hellion  
  144  10:59  Hellion x2, Liberator x2  
  144  11:00  Hellion x2  
  144  11:01  Hellion  
  144  11:03  Starport Tech Lab  
  158  11:06  Command Center  
  156  11:12  Banshee  
  156  11:15  Terran Vehicle And Ship Armor Level 1, Terran Vehicle Weapons Level 1  
  165  11:21  Siege Tank, Widow Mine  
  165  11:22  Widow Mine  
  172  11:28  Banshee  
  175  11:41  Siege Tank x2  
  181  11:51  Missile Turret  
  181  11:52  Missile Turret  
  181  11:53  Missile Turret  
  181  11:56  Drilling Claws  
  181  12:01  Orbital Command  
  181  12:10  SCV x2, Refinery  
  181  12:13  Refinery  
  183  12:17  Liberator  
  183  12:21  Planetary Fortress  
  181  12:24  Missile Turret  
  181  12:29  Raven x2  
  181  12:31  Widow Mine  
  181  12:32  Widow Mine x6  
  181  12:33  Widow Mine  
  200  12:44  Command Center, Fusion Core  
  200  12:45  Hellion x5  
  200  12:49  Starport  
  200  13:00  Liberator  
  200  13:01  Liberator  
  200  13:02  Sensor Tower  
  200  13:09  Missile Turret  
  200  13:14  Refinery  
  200  13:16  Refinery  
  200  13:17  Sensor Tower  
  196  13:21  SCV x3  
  196  13:22  SCV  
  200  13:29  Sensor Tower  
  200  13:40  Missile Turret  
  193  14:20  Planetary Fortress  
  190  14:25  Refinery x2  
  190  14:26  SCV x2  
  190  14:27  SCV x2  
  194  14:53  Command Center x2  
  194  14:59  Command Center  
  190  15:04  Command Center  
  190  15:07  SCV x2  
  190  15:11  Banshee  
  190  15:12  Banshee  
  198  15:19  SCV  
  198  15:20  Hyperflight Rotors  
  187  15:29  Hellion  
  187  15:32  Hellion x3  
  187  15:33  Hellion x3  
  199  15:37  Missile Turret  
  199  15:39  SCV  
  169  16:15  Hellion x3, Siege Tank x2  
  169  16:16  Thor, Siege Tank  
  176  16:19  Orbital Command  
  176  16:20  Orbital Command  
  176  16:22  Command Center  
  176  16:23  Liberator  
  176  16:24  Command Center, Orbital Command, Liberator x3  
  151  16:26  Hellion  
  150  16:35  SCV  
  150  16:36  Hellion  
  150  16:38  Orbital Command  
  165  16:47  Thor  
  165  16:48  Siege Tank x2  
  165  16:52  Command Center  
  168  17:01  Thor  
  174  17:06  Liberator  
  174  17:07  Liberator  
  174  17:08  Terran Vehicle Weapons Level 2  
  174  17:09  Terran Vehicle And Ship Armor Level 2  
  174  17:11  SCV  
  175  17:19  Siege Tank, Widow Mine x4  
  175  17:21  Siege Tank  
  188  17:23  SCV  
  188  17:28  Orbital Command  
  183  17:41  Planetary Fortress  
  177  17:44  Missile Turret  
  177  17:48  Planetary Fortress  
  177  17:50  Banshee  
  177  17:51  Banshee  
  183  18:05  Missile Turret  
  165  18:22  SCV  
  165  18:24  Liberator  
  165  18:25  Liberator x3  
  160  18:35  Thor  
  160  18:36  Thor x2  
  160  18:37  Siege Tank, Widow Mine  
  160  18:40  Advanced Ballistics  
  192  18:54  Refinery  
  186  19:17  Refinery  
  186  19:18  Refinery  
  186  19:25  Banshee x2  
  186  19:28  SCV, Sensor Tower  
  186  19:29  SCV, Terran Ship Weapons Level 1  
  186  19:30  Terran Vehicle And Ship Armor Level 3  
  186  19:31  Refinery  
  194  19:33  Command Center  
  194  19:42  Siege Tank x2  
  194  19:43  Command Center, Starport x2  
  200  19:45  Starport x2  
  188  20:11  SCV  
  180  20:21  Viking x4  
  186  20:30  Starport Reactor  
  169  20:45  Viking x2, Starport Reactor x2  
  164  20:51  Viking x4  
  151  21:07  Planetary Fortress  
  151  21:09  Missile Turret, Liberator x3  
  151  21:15  Viking x2  
  154  21:21  Siege Tank  
  154  21:22  Siege Tank x3, Widow Mine  
  154  21:23  Widow Mine x3  
  154  21:25  Banshee x2  
  180  21:27  Viking x3  
  180  21:29  Missile Turret  
  195  21:38  Starport x2  
  194  21:40  Starport  
  194  21:42  Starport  
  194  21:45  Viking x2, Starport x2  
  194  21:51  Missile Turret, Widow Mine x3  
  192  21:57  Viking, Siege Tank x2  
  200  22:06  Planetary Fortress  
  200  22:07  Missile Turret  
  200  22:11  Missile Turret  
  197  22:24  Starport x2  
  197  22:32  SCV  
  197  22:33  SCV  
  169  22:47  Viking x10  
  169  22:51  Siege Tank x4  
  173  22:52  Hellbat  
  173  22:53  Hellbat x3  
  174  22:58  SCV  
  174  23:06  SCV x2, Starport  
  174  23:07  Terran Ship Weapons Level 2  
  174  23:09  Terran Vehicle Weapons Level 3, Weapon Refit  
  174  23:12  SCV, Starport Tech Lab  
  174  23:14  Hellbat x3  
  174  23:16  Viking, Starport Tech Lab  
  178  23:22  Starport Tech Lab, Starport Reactor  
  178  23:23  Starport Tech Lab, Siege Tank, Starport Reactor  
  178  23:24  Viking x6  
  178  23:25  Viking x3  
  199  23:27  SCV  
  199  23:32  Starport Reactor  
  198  23:35  Widow Mine  
  200  23:43  Starport  
  175  24:04  Viking x2  
  175  24:05  Viking x10  
  187  24:12  Missile Turret  
  187  24:13  Missile Turret  
  187  24:14  Missile Turret  
  187  24:16  Missile Turret  
  181  24:21  Missile Turret  
  181  24:22  Viking x2  
  168  24:34  Viking x2  
  168  24:35  Viking x4  
  168  24:38  Widow Mine x5  
  178  24:39  Widow Mine  
  178  24:40  Widow Mine  
  178  24:41  Battlecruiser  
  196  25:02  SCV x2  
  196  25:04  Starport Reactor  
  196  25:05  Command Center, Starport Tech Lab  
  196  25:06  Starport Reactor  
  183  25:10  Hellbat  
  183  25:11  Hellion x5, Hellbat x2  
  192  25:17  Viking  
  192  25:18  Viking x4  
  192  25:19  Refinery  
  192  25:20  Refinery  
  199  25:24  Starport Tech Lab  
  193  26:02  SCV  
  184  26:06  Battlecruiser x2  
  184  26:08  Battlecruiser  
  184  26:10  Battlecruiser  
  198  26:14  SCV  
  197  26:21  SCV x2  
  197  26:25  SCV  
  198  26:29  Refinery  
  196  26:34  Refinery  
  196  26:39  Planetary Fortress  
  189  26:43  Missile Turret  
  189  26:45  Widow Mine  
  189  26:46  Widow Mine x4  
  199  26:52  Hellion x5  
  199  26:56  Behemoth Reactor  
  199  26:59  Terran Ship Weapons Level 3  
  199  27:04  Missile Turret  
  197  27:23  Missile Turret  
  197  27:34  Viking x3  
  169  27:54  Viking x3  
  169  27:55  Viking x4  
  183  27:59  Viking x4  
  183  28:00  Viking x3  
  183  28:02  Widow Mine  
  183  28:32  Siege Tank x2  
  183  28:33  Hellion x2, Siege Tank  
  183  28:34  Hellion x3  
  173  29:08  Viking  
  173  29:09  Viking x8  
  169  29:22  Battlecruiser  
  169  29:28  SCV, Widow Mine  
  169  29:29  Widow Mine x3, Liberator x3  
  169  29:30  Liberator  
  178  29:32  Raven  
  184  30:05  SCV  
  185  30:17  Raven  
  185  30:18  Raven x3  
  193  30:21  Refinery  
  193  30:26  Raven  
  184  30:37  Viking  
  171  31:00  Raven  
  163  31:07  Siege Tank x3  
  163  31:08  Hellion, Siege Tank  
  165  31:18  SCV  
  156  31:29  Hellion  
  156  31:30  Hellion x3  
  164  31:39  Siege Tank x2  
  173  31:40  Siege Tank  
  173  31:54  Command Center  
  171  32:01  Viking x8  
  161  32:07  Viking  
  167  32:16  Missile Turret  
  145  32:26  Siege Tank x2  
  145  32:28  Hellbat x6  
  137  32:36  Liberator  
  134  32:37  Liberator  
  134  32:38  Missile Turret  
  129  32:46  Refinery  
  129  32:49  Hellbat x4  
  129  32:50  Hellion, Hellbat  
  144  32:58  Hellbat  
  144  32:59  Hellbat  
  146  33:07  Refinery  
  146  33:10  Hellbat  
  146  33:11  Siege Tank, Hellbat x2  
  145  33:31  Command Center  
  145  33:33  Liberator x2  
  145  33:34  Siege Tank x2, Liberator x2  
  140  33:35  Hellbat x2  
  140  33:36  Hellion x3  
  156  33:46  Command Center  
  156  33:50  Viking  
  156  33:53  Viking  
  172  34:02  Hellion  
  176  34:03  Hellion x6  
  176  34:06  Hellion  
  173  34:29  Viking  
  173  34:30  Viking x3  
  159  34:49  Missile Turret  
  159  34:50  Widow Mine x8  
  175  34:58  Banshee x4  
  175  34:59  Banshee  
  179  35:16  Hellion x2  
  170  35:21  Widow Mine  
  170  35:22  Widow Mine x7  
  177  35:32  Viking  
  177  35:33  Viking  
  173  35:41  Refinery  
  153  35:50  Widow Mine x2  
  140  36:05  Command Center  
  140  36:07  Siege Tank x3  
  140  36:09  Hellbat x2  
  140  36:10  Hellbat  
  141  36:19  Hellion  
  141  36:20  Hellion  
  137  36:31  Siege Tank  
  111  36:58  Siege Tank x3  
  111  36:59  Hellbat x2  
  111  37:00  Hellion, Refinery, Hellbat  
  126  37:01  Planetary Fortress  
  126  37:03  Hellion  
  122  37:21  Hellion  
  124  37:24  Siege Tank  
  124  37:26  Hellion x3  
  127  37:30  Hellion  
  127  37:31  Hellion x2  
  127  37:32  SCV x2  
  135  37:42  Hellion  
  129  37:51  Viking  
  115  38:02  Viking x8  
  113  38:21  Viking x2  
  113  38:22  Viking  
  114  38:28  Viking  
  87  39:04  Siege Tank x3  
  87  39:06  Hellion x3  
  87  39:07  Hellion x2  
  90  39:49  Liberator  
  90  39:50  Liberator x2  
  87  39:54  Hellion x5  
  90  40:14  Hellion  
  90  40:15  Hellion x6  
  103  40:25  Widow Mine  
  105  40:35  Widow Mine  
  105  40:36  Orbital Command  
  105  40:40  Liberator  
  103  41:00  Hellion x7  
  120  41:04  Hellion  
  120  41:11  Viking x2  
  124  41:21  Hellion  
  124  41:22  Hellion  
  124  41:27  Widow Mine x2  
  124  41:28  Widow Mine x2  
  124  41:30  Hellion  
  124  41:31  Hellion  
  133  41:43  Hellion x2  
  125  41:52  Hellion, Siege Tank  
  103  42:22  Hellbat  
  91  42:23  Hellion x6  
  91  42:25  Hellion  
  103  42:44  Hellion x2  
  107  42:45  Hellion x3  
  113  42:53  Siege Tank  
  113  42:54  Siege Tank  
  113  42:55  Hellion  
  121  43:05  Hellion x2  
  125  43:06  Hellion x2  
  129  43:34  Thor  
  108  43:57  Banshee x2  
  103  44:15  Hellbat x3  
  103  44:16  Hellbat  
  101  44:23  Siege Tank  
  92  44:24  Hellion x3  
  92  44:29  Hellion  
  89  44:36  Hellion  
  89  44:37  Hellion x2  
  75  44:45  Hellion  
  75  44:50  Hellion  
  75  44:51  Hellbat x3  
  69  44:54  Banshee  
  69  44:55  Banshee, Hellion  
  69  44:58  Hellion  
  64  45:29  Siege Tank  
  64  45:33  Hellion x2  
  64  45:34  Hellion  
  64  45:35  Hellion x4  
  45  46:09  Siege Tank x2  
  45  46:10  Hellion  
  33  46:31  Hellion  
Show
View Real Time Build Order
Export as new Build Order

bpgbcg Terran 

Build Orders:  

Get SALT Encoding   

  12  0:02  Probe (Chrono Boost)  
  13  0:12  Probe (Chrono Boost)  
  14  0:19  Pylon  
  14  0:23  Probe (Chrono Boost)  
  15  0:37  Probe (Chrono Boost)  
  16  0:47  Probe (Chrono Boost)  
  17  0:58  Probe (Chrono Boost)  
  18  1:04  Nexus  
  18  1:09  Probe (Chrono Boost)  
  19  1:17  Gateway  
  19  1:20  Probe (Chrono Boost)  
  19  1:25  Assimilator  
  20  1:31  Probe (Chrono Boost)  
  20  1:32  Assimilator  
  21  1:41  Probe (Chrono Boost)  
  21  1:46  Pylon  
  22  1:52  Probe (Chrono Boost)  
  23  2:04  Probe (Chrono Boost)  
  23  2:05  Cybernetics Core  
  24  2:15  Probe (Chrono Boost)  
  25  2:19  Zealot  
  25  2:21  Probe (Chrono Boost)  
  28  2:25  Probe (Chrono Boost)  
  29  2:32  Probe (Chrono Boost)  
  29  2:36  Probe (Chrono Boost)  
  31  2:43  Warp Gate  
  33  2:44  Mothership Core (Chrono Boost)  
  33  2:46  Adept  
  33  2:48  Probe (Chrono Boost)  
  36  2:59  Probe (Chrono Boost), Robotics Facility  
  36  3:02  Probe (Chrono Boost)  
  38  3:10  Probe (Chrono Boost)  
  38  3:12  Pylon  
  39  3:13  Probe (Chrono Boost)  
  40  3:21  Probe (Chrono Boost)  
  40  3:24  Probe (Chrono Boost)  
  42  3:27  Assimilator  
  42  3:33  Gateway  
  42  3:37  Gateway  
  42  3:38  Probe (Chrono Boost)  
  42  3:39  Probe (Chrono Boost)  
  44  3:49  Probe x2 (Chrono Boost), Observer  
  47  4:00  Probe (Chrono Boost)  
  48  4:05  Robotics Bay  
  48  4:07  Probe (Chrono Boost), Forge  
  48  4:09  Forge  
  49  4:11  Observer, Assimilator  
  49  4:12  Probe (Chrono Boost)  
  51  4:18  Probe (Chrono Boost)  
  51  4:23  Probe (Chrono Boost)  
  53  4:28  Probe (Chrono Boost)  
  54  4:33  Protoss Ground Weapons Level 1  
  54  4:36  Pylon  
  54  4:43  Protoss Ground Armor Level 1  
  54  4:45  Pylon  
  54  4:46  Probe x2 (Chrono Boost)  
  54  4:51  Disruptor  
  54  4:57  Probe x2 (Chrono Boost)  
  54  4:58  Gateway, Pylon  
  58  5:03  Stalker x3  
  64  5:09  Probe (Chrono Boost)  
  64  5:11  Probe (Chrono Boost)  
  67  5:21  Probe (Chrono Boost)  
  67  5:24  Probe (Chrono Boost)  
  67  5:26  Observer  
  68  5:33  Stalker  
  68  5:34  Probe (Chrono Boost)  
  72  5:41  Pylon  
  72  5:42  Warp Prism  
  72  5:49  Nexus  
  74  5:52  Twilight Council  
  74  6:09  Stalker x2  
  74  6:11  Adept  
  80  6:17  Resonating Glaives  
  80  6:19  Disruptor  
  80  6:23  Gateway  
  80  6:25  Gateway  
  83  6:27  Protoss Ground Armor Level 2, Protoss Ground Weapons Level 2, Gateway  
  83  6:49  Probe x2 (Chrono Boost)  
  85  6:56  Pylon  
  85  6:58  Pylon  
  85  7:00  Disruptor  
  91  7:01  Probe x2 (Chrono Boost)  
  91  7:02  Probe (Chrono Boost)  
  91  7:03  Adept x2  
  91  7:04  Adept, Assimilator  
  91  7:06  Assimilator  
  97  7:09  Pylon  
  97  7:11  Probe (Chrono Boost), Pylon  
  97  7:13  Probe (Chrono Boost)  
  97  7:14  Probe (Chrono Boost)  
  100  7:22  Probe (Chrono Boost)  
  101  7:25  Probe (Chrono Boost)  
  101  7:26  Probe (Chrono Boost)  
  103  7:35  Adept x2  
  103  7:36  Adept x3  
  116  7:39  Observer  
  114  7:45  Adept x2, Blink  
  114  7:48  Probe (Chrono Boost)  
  119  7:52  Probe (Chrono Boost)  
  119  7:53  Probe (Chrono Boost)  
  121  8:04  Probe (Chrono Boost), Nexus  
  122  8:06  Pylon  
  122  8:08  Pylon  
  122  8:11  Probe (Chrono Boost)  
  122  8:21  Disruptor  
  122  8:24  Stalker x3  
  122  8:25  Adept x3  
  122  8:26  Zealot  
  139  8:32  Probe (Chrono Boost)  
  140  8:34  Protoss Ground Weapons Level 3  
  140  8:47  Protoss Ground Armor Level 3  
  140  8:50  Adept x3  
  140  8:51  Adept  
  140  8:54  Probe (Chrono Boost)  
  149  8:59  Pylon  
  149  9:00  Pylon  
  149  9:05  Extended Thermal Lance  
  149  9:06  Pylon  
  149  9:07  Pylon  
  149  9:12  Colossus  
  149  9:16  Probe (Chrono Boost)  
  157  9:18  Probe x2 (Chrono Boost)  
  157  9:20  Stalker  
  157  9:22  Stalker, Pylon  
  161  9:33  Probe x2 (Chrono Boost)  
  161  9:34  Probe (Chrono Boost)  
  161  9:35  Probe (Chrono Boost)  
  161  9:36  Charge, Assimilator  
  165  9:41  Assimilator  
  165  9:44  Probe (Chrono Boost)  
  165  9:45  Probe (Chrono Boost)  
  159  9:46  Probe (Chrono Boost)  
  159  9:47  Probe (Chrono Boost)  
  159  9:49  Photon Cannon  
  159  9:52  Zealot x3, Photon Cannon  
  162  9:55  Sentry x2  
  162  9:58  Probe (Chrono Boost)  
  162  9:59  Probe (Chrono Boost)  
  170  10:13  Pylon  
  170  10:15  Assimilator  
  170  10:19  Observer, Assimilator  
  171  10:33  Nexus  
  171  10:36  Warp Prism  
  171  10:38  Gravitic Drive  
  173  11:05  Colossus  
  171  11:17  Robotics Facility  
  176  11:24  Protoss Shields Level 1  
  178  11:26  Probe x2 (Chrono Boost)  
  178  11:27  Probe (Chrono Boost)  
  179  11:35  Probe (Chrono Boost)  
  180  11:40  Gateway  
  180  11:43  Gateway  
  180  11:44  Stalker x3, Gateway  
  180  11:45  Stalker  
  180  11:46  Gateway, Adept x3, Photon Cannon  
  194  11:49  Gateway  
  194  11:51  Colossus  
  194  11:53  Gateway  
  200  12:07  Stalker  
  199  12:15  Stalker  
  196  12:17  Pylon  
  194  12:24  Gateway x2  
  194  12:27  Photon Cannon  
  192  12:31  Photon Cannon  
  192  12:33  Probe x2 (Chrono Boost)  
  192  12:34  Photon Cannon  
  192  12:35  Probe x3 (Chrono Boost)  
  197  12:47  Probe (Chrono Boost)  
  198  12:51  Pylon  
  198  12:57  Dark Shrine  
  198  13:04  Warp Prism  
  200  13:16  Robotics Facility  
  200  13:20  Protoss Shields Level 2  
  200  13:40  Observer Gravitic Boosters  
  196  13:57  Nexus  
  196  13:58  Adept x2, Pylon  
  196  14:00  Pylon  
  200  14:20  Gateway x2  
  200  14:22  Gateway  
  200  14:25  Photon Cannon x2  
  200  14:29  Immortal  
  200  14:30  Photon Cannon  
  196  14:31  Photon Cannon  
  196  14:33  Photon Cannon  
  196  14:34  Warp Prism  
  196  14:35  Gateway  
  196  14:38  Pylon  
  200  14:44  Pylon  
  198  15:02  Immortal  
  196  15:09  Stalker x2  
  196  15:28  Templar Archives  
  196  15:39  Assimilator  
  196  15:44  Pylon, Assimilator  
  196  15:56  Stargate x2  
  177  15:58  Stargate  
  177  16:00  Stalker x4  
  177  16:01  Stalker x4, Stargate  
  177  16:02  Stalker x2  
  177  16:03  Stalker x2  
  187  16:04  Stalker  
  183  16:15  Observer  
  176  16:19  Observer  
  171  16:31  Observer  
  154  16:32  Stalker  
  154  16:33  Stalker x4  
  154  16:34  Stalker x4, Observer  
  154  16:38  Protoss Shields Level 3  
  171  16:40  Psionic Storm  
  171  16:47  High Templar x3  
  173  16:59  Probe x2 (Chrono Boost)  
  173  17:00  Probe x3 (Chrono Boost)  
  178  17:02  Stalker x4  
  178  17:03  Stalker x2  
  189  17:12  Probe (Chrono Boost)  
  190  17:22  Fleet Beacon, Nexus  
  190  17:25  Phoenix x4  
  192  17:34  Stalker x2  
  192  17:35  Stalker x3  
  187  18:11  Pylon  
  176  18:13  Tempest x4, Pylon  
  169  18:20  Colossus  
  169  18:23  Colossus  
  169  18:24  Disruptor  
  169  18:25  Stalker  
  169  18:26  Stalker x2  
  180  18:28  High Templar x2  
  180  18:31  High Templar x2  
  180  18:33  Stalker  
  185  18:36  Stalker, Adept x3  
  185  18:37  Adept x2  
  185  18:38  Adept  
  199  18:52  Protoss Air Weapons Level 1  
  187  19:08  Stalker x3  
  187  19:09  Stalker x6  
  197  19:10  Stalker  
  197  19:11  Observer  
  197  19:15  Observer  
  191  19:32  Tempest  
  191  19:33  Observer x2  
  191  19:36  Observer  
  198  19:40  Stalker  
  200  19:57  Tempest  
  200  20:00  Assimilator  
  200  20:03  Tempest  
  200  20:05  Assimilator  
  167  20:39  Stalker x5  
  167  20:42  Stalker x3  
  167  20:43  Stalker x3  
  143  20:58  Tempest x3  
  147  21:04  Tempest  
  147  21:09  Stalker x4  
  147  21:10  Stalker x3  
  167  21:21  Stalker x4  
  173  21:35  Tempest  
  173  21:42  Probe (Chrono Boost)  
  173  21:43  Probe x3 (Chrono Boost)  
  173  21:44  Probe (Chrono Boost)  
  178  21:50  Nexus  
  172  21:55  Probe x2 (Chrono Boost), Tempest  
  172  21:56  Tempest  
  172  21:59  Pylon  
  172  22:01  Pylon  
  172  22:02  Tempest  
  184  22:16  Warp Prism  
  184  22:21  High Templar x4  
  184  22:22  High Templar x4  
  198  22:27  Archon x2  
  200  22:30  Archon  
  192  22:51  Probe x3 (Chrono Boost)  
  183  22:54  Probe (Chrono Boost)  
  183  22:55  Probe (Chrono Boost)  
  183  22:58  Tempest x2  
  181  23:03  Probe x3 (Chrono Boost)  
  181  23:04  Probe x2 (Chrono Boost)  
  182  23:07  Probe (Chrono Boost)  
  182  23:08  Assimilator  
  182  23:09  High Templar  
  182  23:10  High Templar x4, Assimilator  
  193  23:26  High Templar x2  
  197  23:28  High Templar  
  197  23:30  Archon x3  
  197  23:32  Archon  
  198  23:45  Warp Prism  
  182  24:08  Tempest  
  182  24:09  Tempest x2  
  160  24:16  High Templar x4  
  180  24:22  Warp Prism  
  178  24:25  Stalker x3  
  178  24:27  Stalker  
  178  24:37  Pylon  
  162  24:41  Pylon  
  162  24:42  Probe (Chrono Boost)  
  162  24:44  Probe x2 (Chrono Boost)  
  150  25:00  Nexus  
  150  25:02  Tempest x2  
  150  25:03  Pylon  
  150  25:06  Adept x8, Pylon  
  150  25:07  Adept x7  
  162  25:08  Adept x4, Tempest  
  192  25:26  Tempest  
  196  25:39  Tempest  
  192  26:11  Assimilator  
  186  26:15  Assimilator  
  186  26:17  Tempest x2  
  182  26:22  Tempest  
  182  26:23  Tempest  
  192  26:26  Adept x4  
  200  26:34  Nexus  
  200  26:36  Pylon  
  200  26:38  Pylon  
  200  26:39  Nexus  
  192  26:41  Pylon  
  192  26:43  Probe (Chrono Boost)  
  192  26:44  Probe x2 (Chrono Boost), Pylon  
  189  26:48  Probe x2 (Chrono Boost)  
  189  26:49  Probe (Chrono Boost)  
  189  26:50  Adept x2  
  189  26:53  Probe (Chrono Boost)  
  197  26:56  Probe (Chrono Boost)  
  198  27:17  Oracle  
  173  27:48  Tempest x2  
  161  27:52  High Templar x3  
  161  27:53  High Templar x2  
  161  27:54  Tempest x2  
  161  27:56  Stalker x2  
  161  27:57  Stalker x4  
  161  27:58  Stalker x4  
  191  27:59  Stalker x2  
  195  28:25  Tempest x2  
  188  28:29  Stalker  
  188  28:30  Stalker x5  
  188  28:32  Stalker  
  197  28:40  High Templar  
  187  29:03  Stalker x2  
  187  29:04  Stalker x4  
  197  29:27  Probe (Chrono Boost)  
  197  29:28  Probe x2 (Chrono Boost)  
  197  29:31  Tempest x2  
  200  29:33  Assimilator  
  200  29:37  Tempest  
  200  29:38  Assimilator  
  194  29:47  High Templar x3  
  141  31:28  Stalker x3  
  141  31:29  Stalker x3  
  141  31:30  Stalker x4  
  141  31:31  Stalker x2  
  177  31:35  Stalker  
  177  31:36  Stalker x2  
  177  31:37  Stalker  
  177  31:38  Stalker x3  
  161  32:04  Stalker  
  161  32:05  Stalker x9  
  161  32:06  Stalker x4  
  151  32:34  Stalker  
  151  32:35  Stalker x6  
  151  32:36  Stalker x4  
  167  32:37  Stalker x3  
  167  32:38  Stalker x4  
  167  32:39  Stalker  
  175  33:00  Tempest  
  175  33:01  Tempest  
  175  33:04  High Templar x2  
  179  33:06  Tempest  
  179  33:07  Tempest  
  195  33:13  Nexus  
  195  33:14  Pylon  
  195  33:17  Pylon  
  174  33:38  Assimilator  
  174  33:40  Assimilator  
  171  33:54  Observer  
  171  33:55  Observer  
  172  33:56  Stalker x3  
  172  33:57  Stalker x7  
  180  34:28  Zealot x3  
  180  34:29  Zealot x5  
  180  34:30  Zealot  
  155  35:35  Stalker x3  
  145  35:36  Stalker  
  145  35:37  Stalker x2  
  145  35:38  Stalker x5  
  145  35:39  Stalker x3  
  150  35:48  Stalker x5  
  132  35:58  Tempest x2  
  132  36:04  Tempest x2  
  131  36:24  Stalker x4  
  123  36:28  Stalker x3  
  123  36:29  High Templar x3  
  123  36:31  Stalker x6  
  123  36:32  Stalker x2  
  139  36:33  Stalker  
  104  36:58  Observer x3  
  96  37:20  Stalker x4  
  100  37:29  Stalker x3  
  106  37:30  Stalker x2  
  106  38:24  Stalker  
  106  38:25  Stalker x2  
  90  39:08  Nexus  
  78  39:26  Stalker x5  
  78  39:27  Stalker x2  
  88  40:37  Assimilator x2  
  78  40:52  Probe (Chrono Boost)  
  78  40:53  Probe (Chrono Boost)  
  78  40:54  Probe x3 (Chrono Boost)  
  78  40:56  Probe (Chrono Boost)  
  84  40:58  Photon Cannon  
  84  41:14  Stalker x6  
  84  41:15  Stalker x5  
  64  42:34  Stalker  
  64  42:35  Stalker x6  
  64  42:36  Stalker  
  80  42:40  Stalker x3  
  80  42:41  Stalker x4  
  80  42:42  Stalker x2  
  95  43:25  Observer x2  
  76  44:21  Adept x5  
  76  44:22  Adept x3, Zealot  
  76  44:23  Zealot x4  
  76  44:24  Zealot x2  
  84  44:53  Carrier  
  84  44:55  Carrier  
  84  45:04  Carrier  
  84  45:06  Carrier  
  104  45:24  Zealot x2  
  104  45:25  Adept x3  
  104  45:26  Adept x3  
  104  45:28  Adept  
  102  45:52  Graviton Catapult  
  90  46:23  Probe (Chrono Boost)  
  90  46:24  Probe (Chrono Boost)  
  90  46:25  Probe (Chrono Boost)  
  89  46:32  Probe (Chrono Boost)  
Show
View Real Time Build Order
Export as new Build Order

Starscream Protoss 

Build Orders:  

Get SALT Encoding   

Show
View Real Time Build Order
Export as new Build Order

guyofdoom Protoss 

Build Orders:  

Get SALT Encoding   

Tags
 
Add a new tag
Caveats
  • Supply blocks, unpowered buildings, or Contaminate may cause inaccurate times.
  • Supply counts are checked every 10 seconds.